 Dungeon Crawl Stone Soup version 0.20.1-1-g8b1a95d (webtiles) character file.

23 Monsterracer the Insei (level 2, -2/18 HPs)
             Began as an Octopode Transmuter on Oct 17, 2017.
             Slain by an ooze (3 damage)
             ... on level 2 of the Dungeon on Oct 18, 2017.
             The game lasted 00:00:59 (1215 turns).

Monsterracer the Insei (Octopode Transmuter)        Turns: 1215, Time: 00:01:00

Health: -2/18      AC:  1    Str:  9    XL:     2   Next: 95%
Magic:  4/5        EV: 13    Int: 15    God:
Gold:   40         SH:  0    Dex: 12    Spells: 4/5 levels left

rFire    . . .     SeeInvis .     - Unarmed
rCold    . . .     Gourm    .   (no shield)
rNeg     . . .     Faith    .   (helmet restricted)
rPois    .         Spirit   .   (no amulet)
rElec    .         Reflect  .   (no ring)
rCorr    .         Harm     .   (no ring)
MR       .....                  (no ring)
Stlth    ++........             (no ring)
Regen    0.1/turn               (no ring)
MPRegen  0.1/turn               (no ring)
                                (no ring)
                                (no ring)

@: lethally poisoned (-2 -> -13), appendage
A: almost no armour, stealthy swim, amphibious, 8 rings, constrict 8, tentacle
spike 3, camouflage 1, gelatinous body 1
a: End Transformation


You were on level 2 of the Dungeon.
You were hungry.
One of your tentacles had a temporary spike.
You visited 1 branch of the dungeon, and saw 2 of its levels.

You collected 40 gold pieces.

Inventory:

Missiles
 a - 12 arrows
Jewellery
 l - an uncursed ring of resist corrosion {unknown}
Scrolls
 d - a scroll of remove curse {unknown}
 e - a scroll of teleportation {unknown}
 f - a scroll of noise {unknown}
 h - a scroll of immolation {unknown}
 i - 3 scrolls of enchant weapon {unknown}
 j - 2 scrolls of identify {unknown}
 k - a scroll of fear {unknown}
Potions
 g - 2 potions of curing {unknown}
Books
 b - a book of Changes

   Spells                             Type                      Level
   a - Beastly Appendage              Transmutation                1
   b - Sticks to Snakes               Transmutation                2
   c - Spider Form                    Transmutation/Poison         3
   d - Ice Form                       Ice/Transmutation            4
   e - Blade Hands                    Transmutation                5
Comestibles
 c - a bread ration


   Skills:
 - Level 1.0 Fighting
 - Level 2.0 Dodging
 + Level 3.5 Unarmed Combat
 - Level 2.0 Spellcasting
 + Level 2.8 Transmutations


You had 4 spell levels left.
You knew the following spells:

 Your Spells              Type           Power        Failure   Level  Hunger
a - Beastly Appendage     Tmut           #.....       7%          1    #......


Dungeon Overview and Level Annotations

Branches:
Dungeon (2/15)

Altars:


Innate Abilities, Weirdness & Mutations

You cannot wear most types of armour.
You are very stealthy in the water. (Stealth+)
You are amphibious.
You can wear up to eight rings at the same time.
You can use your tentacles to constrict eight enemies at once.
Your skin changes colour to match your surroundings (Stealth+).
Your rubbery body absorbs attacks. (AC +1, EV +1)
One of your tentacles bears a large vicious spike.


Message History

You tentacle-slap the adder. Your grab misses the adder.
The adder is heavily wounded.
The adder bites you.
You are poisoned.
The adder poisons you! The ooze hits you but does no damage.
The adder bites you.
* * * LOW HITPOINT WARNING * * *
Huge Dmg: -34%(-6hp) hp: 50%(9hp)
Casting: Beastly Appendage
Confirm with . or Enter, or press ? or * to list all spells.
One of your tentacles grows a vicious spike.
You feel sick. The adder bites you.
* * * LOW HITPOINT WARNING * * *
The ooze misses you.
Huge Dmg: -16%(-3hp) hp: 34%(6hp)
You closely miss the adder. Your grab misses the adder.
Your tentacle spike misses the adder.
The adder is heavily wounded.
The adder bites you.
* * * LOW HITPOINT WARNING * * *
You are more poisoned.
The adder poisons you! The ooze hits you but does no damage.
Huge Dmg: -22%(-4hp) hp: 12%(2hp)
You barely miss the adder. You grab the adder.
Your tentacle-slap misses the adder.
The adder is heavily wounded.
You constrict the adder.
* * * LOW HITPOINT WARNING * * *
You feel sick. The adder closely misses you. The ooze hits you.
You die...

.. #. ###..
..#. #.. ##
#..#####..?.
#...†.......
#.J@S#
..........#
#.##.........
#...........
#...........#
##......>...#
##...#..<.(#
##.##.##.##


You could see an ooze and an adder.

Vanquished Creatures
  An ooze (D:1)
  A dart slug (D:1)
  3 bats (D:1)
  2 giant cockroaches
  A goblin (D:1)
  2 hobgoblins (D:1)
  3 kobolds (D:1)
  A frilled lizard (D:1)
  2 rats
16 creatures vanquished.

Notes
Turn   | Place    | Note
-------+----------+-------------------------------------------
     0 | D:1      | Monsterracer the Octopode Transmuter began the quest for the Orb.
     0 | D:1      | Reached XP level 1. HP: 13/13 MP: 3/3
   456 | D:1      | Reached XP level 2. HP: 14/18 MP: 5/5
  1212 | D:2      | HP: 9/18 [adder (1)]
  1214 | D:2      | HP: 2/18 [adder (4)]
  1215 | D:2      | Slain by an ooze

Action                   || total
-------------------------++-------
Melee: Unarmed           ||    44
       Constrict         ||    10
       Tentacles         ||     5
       Kick              ||     1
       Punch             ||     1
 Cast: Beastly Appendage ||     2
 Stab: Sleeping          ||     3
Armor: Skin              ||     4
Dodge: Dodged            ||    33

Vault maps used:
D:1:      dpeg_arrival_circle_labyrinth_c, minmay_octomino_e4
D:2:      first_bread
